 Dungeon Crawl Stone Soup version 0.24.0-2-g5b39cebb1c (webtiles) character file.

Game seed: 520492312894343971, levelgen mode: deterministic

219 erloom the Chopper (level 5, 0/48 HPs)
             Began as a Minotaur Monk on Oct 29, 2019.
             Slain by a wyvern (11 damage)
             ... on level 3 of the Dungeon.
             The game lasted 00:04:31 (2259 turns).

erloom the Chopper (Minotaur Monk)                  Turns: 2259, Time: 00:04:32

Health: 0/48       AC:  7    Str: 17    XL:     5   Next: 63%
Magic:  4/4        EV: 12    Int:  7    God:
Gold:   46         SH:  0    Dex: 12    Spells: 4/4 levels left

rFire    . . .     SeeInvis .   m - +2 hand axe (flame)
rCold    + . .     Gourm    .   (no shield)
rNeg     . . .     Faith    .   g - +2 ring mail {rC+}
rPois    .         Spirit   .   (helmet restricted)
rElec    .         Reflect  .   (no cloak)
rCorr    .         Harm     .   (no gloves)
MR       .....                  (no boots)
Stlth    +.........             (no amulet)
HPRegen  0.16/turn              n - ring of wizardry
MPRegen  0.09/turn              (no ring)

@: no status effects
A: retaliatory headbutt, horns 2
a: no special abilities


You were on level 3 of the Dungeon.
You were not hungry.

You visited 1 branch of the dungeon, and saw 3 of its levels.

You collected 46 gold pieces.

Inventory:

Hand Weapons
 a - a +0 hand axe
 m - a +2 hand axe of flaming (weapon)
Missiles
 h - a throwing net
 k - 49 stones (quivered)
Armour
 b - a +0 robe
 g - a +2 ring mail of cold resistance (worn)
Jewellery
 n - a ring of wizardry (left hand)
Scrolls
 e - a scroll of enchant weapon {unknown}
 f - 3 scrolls of teleportation
 o - a scroll of remove curse
 p - a scroll of enchant armour {unknown}
Potions
 d - a potion of mutation {unknown}
 i - 5 potions of curing {unknown}
 l - a potion of heal wounds {unknown}
Comestibles
 c - 3 rations
 j - 3 chunks of flesh


   Skills:
 + Level 5.2 Fighting
 * Level 6.7 Axes
 - Level 3.2 Dodging
 - Level 1.5 Stealth


You had 4 spell levels left.
You didn't know any spells.
Your spell library was empty.

Dungeon Overview and Level Annotations

Branches:
Dungeon (3/15)

Altars:


Innate Abilities, Weirdness & Mutations

You reflexively headbutt those who attack you in melee.
You have a pair of horns on your head.


Message History

The wyvern misses you.
You hit the wyvern. You burn the wyvern.
The wyvern is moderately wounded.
The wyvern completely misses you. You furiously retaliate!
You headbutt the wyvern! You hit the wyvern but do no damage.
The wyvern is heavily wounded.
The wyvern bites you!
The wyvern bites you but does no damage.
You hit the wyvern. You burn the wyvern.
The wyvern is severely wounded.
The wyvern bites you but does no damage.
You hit the wyvern. You burn the wyvern.
The wyvern is almost dead.
The wyvern bites you! x2
* * * LOW HITPOINT WARNING * * *
You hit the wyvern. You burn the wyvern.
The wyvern is almost dead.
The wyvern bites you!
You die...

############
#..........#
#..........#
#..........# #
#..........# ..#
#..........#####....#
#..........'.@ls....#
#..........#####.....
#..........# ...
#...###.#### . #...#
#.# #...# #.# #...#
#.# #...# #.# #...#
#.#


You could see a wyvern and a giant cockroach.

Vanquished Creatures
  2 orc wizards (D:2)
  Terence (D:2)
  2 gnolls
  3 adders
  3 worms (D:2)
  2 dart slugs (D:1)
  4 leopard geckos
  6 orcs (D:2)
  6 bats
  4 giant cockroaches
  5 goblins
  7 hobgoblins
  7 jackals
  6 kobolds
  A quokka (D:3)
  A ball python (D:1)
  5 frilled lizards
  5 rats
70 creatures vanquished.

Notes
Turn   | Place    | Note
-------+----------+-------------------------------------------
     0 | D:1      | erloom the Minotaur Monk began the quest for the Orb.
     0 | D:1      | Reached XP level 1. HP: 19/19 MP: 0/0
   174 | D:1      | Reached skill level 4 in Axes
   183 | D:1      | Reached XP level 2. HP: 25/27 MP: 1/1
   864 | D:1      | Reached XP level 3. HP: 33/33 MP: 2/2
   976 | D:2      | Reached skill level 5 in Axes
  1065 | D:2      | Reached XP level 4. HP: 39/41 MP: 3/3
  1252 | D:2      | Reached skill level 6 in Axes
  1318 | D:2      | Noticed Terence
  1328 | D:2      | Killed Terence
  1328 | D:2      | Reached skill level 5 in Fighting
  1328 | D:2      | Reached XP level 5. HP: 33/48 MP: 4/4
  2247 | D:3      | Noticed a wyvern
  2259 | D:3      | Slain by a wyvern

Levels and vault maps discovered:
D:1:      matt_arrival_diagonals, layout_loops_ring, minmay_ruptured
D:2:      layout_loops_cross, first_ration, chequers_serial_rivers_micro_e,
          uniq_terence
D:3:      layout_basic

Skill      XL: |  1  2  3  4 |
---------------+-------------+-----
Axes           | 4 5 6 |  6.7
Fighting       | 4 5 |  5.2
Dodging        | |  3.2
Stealth        | |  1.5

Action                   |  1- 3 |  4- 6 || total
-------------------------+-------+-------++-------
Melee: Hand axe          |    83 |    82 ||   165
       Headbutt          |     8 |    14 ||    22
Throw: Throwing net      |     2 |       ||     2
  Use: Scroll            |     3 |     3 ||     6
 Stab: Sleeping          |     5 |       ||     5
  Eat: Chunk             |       |     4 ||     4
Armor: Robe              |     3 |       ||     3
       Ring mail         |    19 |    20 ||    39
Dodge: Dodged            |    50 |    41 ||    91
